 Dungeon Crawl Stone Soup version 0.18.1-50-g88ac8fd (webtiles) character file.

452 Peloso the Shield-Bearer (level 6, 0/48 HPs)
             Began as a Demonspawn Fighter on Oct 18, 2016.
             Was a Follower of Okawaru.
             Slain by an ogre
             ... wielding a cursed -2 giant spiked club
              (18 damage)
             ... on level 5 of the Dungeon.
             The game lasted 00:10:45 (2913 turns).

Peloso the Shield-Bearer (Demonspawn Fighter)       Turns: 2913, Time: 00:10:46

Health: 0/48       AC: 14    Str: 18    XL:     6   Next: 75%
Magic:  6/6        EV:  5    Int:  9    God:    Okawaru [*.....]
Gold:   300        SH:  9    Dex: 13    Spells: 0 memorised, 5 levels left

rFire  . . .     SeeInvis .     a - +1 long sword
rCold  . . .     Gourm    .     g - +0 chain mail
rNeg   . . .     Faith    .     c - +0 shield
rPois  .         Spirit   .     (no helmet)
rElec  .         Dismiss  .     (no cloak)
rCorr  +         Reflect  .     (no gloves)
SustAt .         Harm     .     z - +1 pair of boots
MR     .....                    (no amulet)
Stlth  ..........               y - ring of wizardry
                                l - ring of resist corrosion

@: not resistant to hostile enchantments, extremely unstealthy
A: hooves 1, icy blue scales 2, nightstalker 1
a: Heroism, Renounce Religion


You were on level 5 of the Dungeon.
You worshipped Okawaru.
Okawaru was aware of your devotion.
You were not hungry.

You visited 1 branch of the dungeon, and saw 5 of its levels.

You collected 300 gold pieces.

Inventory:

Hand Weapons
 a - a +1 long sword (weapon)
 A - the +2 mace "Sarcophage" {flame, Dex+6}
   (You found it on level 4 of the Dungeon)

   It has been specially enchanted to burn those struck by it, causing extra
   injury to most foes and up to half again as much damage against particularly
   susceptible opponents.
   It affects your dexterity (+6).
Armour
 b - a +0 scale mail
 c - a +0 shield (worn)
 g - a +0 chain mail (worn)
 z - a +1 pair of boots (worn)
Jewellery
 l - a ring of resist corrosion (left hand)
 y - a ring of wizardry (right hand)
Scrolls
 e - a scroll of fog
 h - 2 scrolls of amnesia
 i - a scroll of identify
 j - a scroll of remove curse
Potions
 d - a potion of might
 q - a potion of curing
 r - 2 potions of degeneration {unknown}
 v - a potion of invisibility {unknown}
 w - 2 potions of lignification {unknown}
Comestibles
 f - 5 bread rations
 m - 2 slices of pizza
 p - a meat ration
 s - 2 beef jerkies
 t - 3 fruits


   Skills:
 + Level 4.0 Fighting
 + Level 3.3 Long Blades
 + Level 3.7 Armour
 + Level 1.9 Dodging
 + Level 4.7 Shields


You had 5 spell levels left.
You didn't know any spells.

Dungeon Overview and Level Annotations

Branches:
Dungeon (5/15)
 Temple: D:4-7

Altars:
Gozag
Okawaru

Shops:
D:5 !

Annotations:
D:5 Eustachio


Innate Abilities, Weirdness & Mutations

You have large cloven feet.
You are mostly covered in icy blue scales (AC +3, EV -1).
You are slightly more attuned to the shadows.


Message History

Your chain mail prevents you from hitting the ogre.
The ogre is lightly wounded.
The ogre hits you with a giant spiked club.
Your chain mail prevents you from hitting the ogre.
The ogre is lightly wounded.
Eustachio gestures wildly while chanting.
You hit the ogre.
The ogre is moderately wounded.
The ogre hits you with a giant spiked club!!
You hit the ogre.
The ogre is heavily wounded.
The ogre hits you with a giant spiked club.
Eustachio gestures wildly while chanting.
You slash the ogre!
The ogre is severely wounded.
The ogre hits you but does no damage.
You hit the ogre.
The ogre is almost dead.
The ogre hits you with a giant spiked club!!
You die...

#.. #.. .# #.. # .. #.. #.
#.## #.. #. ..# #.. ###..
#.## #..
.....######..###+########..
.......bSO@÷..#............
.......5@###..#............
.?......†#....#............
....#?(..#....#...........#
........$#....#...........#
.(..#...##....##.##########
....#...##....##.# ..
#...##.....#.#
#...##.....#.###


You could see Eustachio, an ogre, a quasit, an adder and a bat.

Vanquished Creatures
  Edmund (D:5)
  A necrophage (D:5)
  A crimson imp (D:5)
  A hound (D:4)
  An orc priest (D:3)
  2 worker ants
  3 adders
  An ooze (D:2)
  An adder skeleton (D:4)
  A worm (D:2)
  3 dart slugs
  A giant gecko (D:4)
  5 orcs (D:3)
  5 bats
  2 giant cockroaches
  5 goblins
  6 hobgoblins
  4 jackals
  A quokka (D:5)
  4 giant newts
  12 kobolds
  A quokka zombie (D:5)
  6 rats
68 creatures vanquished.

Notes
Turn   | Place    | Note
--------------------------------------------------------------
     0 | D:1      | Peloso the Demonspawn Fighter began the quest for the Orb.
     0 | D:1      | Reached XP level 1. HP: 18/18 MP: 1/1
   266 | D:1      | Gained mutation: You are partially covered in icy blue scales (AC +1). [demonic ancestry]
   266 | D:1      | Reached XP level 2. HP: 24/24 MP: 2/2
   712 | D:2      | Gained mutation: You are mostly covered in icy blue scales (AC +3, EV -1). [demonic ancestry]
   712 | D:2      | Reached XP level 3. HP: 23/29 MP: 3/3
  1155 | D:2      | Found an iron altar of Okawaru.
  1163 | D:2      | Became a worshipper of Warmaster Okawaru
  1383 | D:3      | Gained mutation: You have large cloven feet. [demonic ancestry]
  1383 | D:3      | Reached XP level 4. HP: 35/35 MP: 4/4
  1498 | D:3      | Found an opulent altar of Gozag.
  1611 | D:3      | You fall through a shaft!
  1623 | D:4      | Reached skill level 1 in Dodging
  1786 | D:3      | Reached XP level 5. HP: 32/41 MP: 5/5
  2442 | D:5      | Entered Level 5 of the Dungeon
  2524 | D:4      | Got a fine mace
  2525 | D:4      | Identified the +2 mace "Sarcophage" {flame, Dex+6} (You found it on level 4 of the Dungeon)
  2715 | D:5      | Noticed a necrophage
  2722 | D:5      | Killed a necrophage
  2722 | D:5      | Gained mutation: You are slightly more attuned to the shadows. [demonic ancestry]
  2722 | D:5      | Reached XP level 6. HP: 42/48 MP: 6/6
  2746 | D:5      | Noticed Edmund
  2772 | D:5      | Killed Edmund
  2772 | D:5      | Reached * piety under Okawaru
  2802 | D:5      | Found Qefusk's Distillery.
  2893 | D:5      | Noticed Eustachio
  2913 | D:5      | Slain by an ogre

Skill      XL: |  1  2  3  4  5  6 |
---------------+-------------------+-----
Shields        | 3 4 |  4.7
Long Blades    | 2 3 |  3.3
Armour         | 3 |  3.7
Dodging        | 1 |  1.9
Fighting       | 4 |  4.0

Action                   |  1- 3 |  4- 6 || total
-------------------------+-------+-------++-------
Melee: Long sword        |   143 |   191 ||   334
       Kick              |       |     7 ||     7
  Use: Scroll            |       |    11 ||    11
  Eat: Chunk             |     2 |     5 ||     7
Armor: Chain mail        |   112 |   111 ||   223
Dodge: Dodged            |    34 |    29 ||    63
Block: Shield            |   103 |   100 ||   203
